 Dungeon Crawl Stone Soup version 0.26.1-2-gb8aa6d0cf2 (webtiles) character file.

Game seed: 10350532215873126772

61 skwiii the Skirmisher (level 3, 0/31 HPs)
             Began as a Demonspawn Berserker on Feb 23, 2021.
             Was a Believer of Trog.
             Succumbed to a worker ant's poison
             ... on level 2 of the Dungeon.
             The game lasted 00:02:26 (2217 turns).

skwiii the Skirmisher (Demonspawn Berserker)        Turns: 2217, Time: 00:02:26

Health: 0/31       AC:  2    Str: 18    XL:     3   Next: 83%
Magic:  3/3        EV: 12    Int:  8    God:    Trog [**....]
Gold:   121        SH:  0    Dex: 12    Spells: 2/2 levels left

rFire    . . .     SeeInvis .   a - +0 hand axe
rCold    . . .     Faith    .   (no shield)
rNeg     . . .     Spirit   .   b - +0 animal skin
rPois    .         Reflect  .   (no helmet)
rElec    .         Harm     .   (no cloak)
rCorr    .         Rampage  .   (no gloves)
Will     .....                  (no boots)
Stlth    +.........             (no amulet)
HPRegen  0.10/turn              (no ring)
MPRegen  0.08/turn              (no ring)

@: lethally poisoned (0 -> -15), hasted, very quick
A: foul stench 1, miasma immunity
a: Renounce Religion, Berserk, Trog's Hand


You were on level 2 of the Dungeon.
You worshipped Trog.
Trog was pleased with you.
You visited 1 branch of the dungeon, and saw 2 of its levels.

You collected 121 gold pieces.

Inventory:

Hand Weapons
 a - a +0 hand axe (weapon)
Armour
 b - a +0 animal skin (worn)
 f - a +0 cloak
Scrolls
 e - a scroll of teleportation {unknown}
 g - a scroll of remove curse {unknown}
 h - a scroll of identify {unknown}


   Skills:
 * Level 4.3 Fighting
 + Level 3.3 Axes
 - Level 1.7 Armour
 - Level 1.7 Dodging


You had 2 spell levels left.
You didn't know any spells.
Your spell library was empty.

Dungeon Overview and Level Annotations

Branches:
Dungeon (2/15)

Altars:


Innate Abilities, Weirdness & Mutations

You may emit foul miasma when damaged in melee.
You are immune to miasma.


Message History

The worker ant poisons you!
You hit the worker ant.
The worker ant is severely wounded.
* * * LOW HITPOINT WARNING * * *
You feel sick. The worker ant completely misses you.
You hit the worker ant but do no damage.
The worker ant is severely wounded.
* * * LOW HITPOINT WARNING * * *
You feel sick. The worker ant bites you.
* * * LOW HITPOINT WARNING * * *
You hit the worker ant.
The worker ant is severely wounded.
The worker ant bites you.
* * * LOW HITPOINT WARNING * * *
You are more poisoned.
The worker ant poisons you!
You hit the worker ant.
You kill the worker ant!
Trog accepts your kill.
You die...

........)#.#####
#..###...#.# ## ##
#....#.....# .....
.........### #.#.# #
#.......## #.##.#.##.#
####.#### #.......#.###
#...# ##.##.#.......
#...# ##..##.#.#..#
#...# #......@....#
#...# ##..####†.##...
###...#####..###.$.##
....................#
............####........
...........## ##...#...
###...###### ##.......
#...# #.#.... #...#
.#####


There were no monsters in sight!

Vanquished Creatures
  A worker ant (D:2)
  3 adders (D:2)
  2 dart slugs (D:1)
  2 leopard geckos (D:1)
  3 giant cockroaches
  A goblin (D:1)
  A hobgoblin (D:2)
  5 bats
  4 frilled lizards
  6 kobolds
  3 rats
31 creatures vanquished.

Notes
Turn   | Place    | Note
-------+----------+-------------------------------------------
     0 | D:1      | skwiii the Demonspawn Berserker began the quest for the
                  | Orb.
     0 | D:1      | Reached XP level 1. HP: 18/18 MP: 1/1
   188 | D:1      | Gained mutation: You are immune to miasma. [demonic
                  | ancestry]
   188 | D:1      | Reached XP level 2. HP: 9/24 MP: 2/2
  1401 | D:2      | Reached skill level 4 in Fighting
  1401 | D:2      | Gained mutation: You may emit foul miasma when damaged in
                  | melee. [demonic ancestry]
  1401 | D:2      | Reached XP level 3. HP: 17/28 MP: 3/3
  2190 | D:2      | Reached ** piety under Trog
  2216 | D:2      | HP: 1/31 [worker ant (3)]
  2217 | D:2      | Succumbed to a worker ant's poison

Illustrated notes

Levels and vault maps discovered:
D:1:      eino_arrival_cavern_d, layout_rooms, chequers_serial_rivers_room_a,
          minmay_nonomino_d4
D:2:      layout_loops_cross

Skill      XL: |  1  2 |
---------------+-------+-----
Axes           | 3 |  3.3
Fighting       | 4 |  4.3
Armour         | |  1.7
Dodging        | |  1.7

Action                   || total
-------------------------++-------
Melee: Hand axe          ||   123
Invok: Berserk           ||     1
  Use: Potion            ||     2
Armor: Animal skin       ||    34
Dodge: Dodged            ||    86
